 Dungeon Crawl Stone Soup version 0.30-a0-1163-gf69bf04e7a (webtiles) character file.

Game seed: 4013987292663358362

343 iamoutofideas the Chopper (level 6, -10/33 (51) HPs)
             Began as a Hill Orc Reaver on Apr 28, 2023.
             Mangled by a gnoll
             ... wielding a +0 halberd
              (14 damage)
             ... on level 2 of the Dungeon.
             The game lasted 00:03:58 (3345 turns).

iamoutofideas the Chopper (Hill Orc Reaver)         Turns: 3345, Time: 00:03:59

HP:   -10/33 (51)   AC:  4    Str: 17    XL:     6   Next: 57%
MP:   14/18         EV: 11    Int: 13    God:
Gold: 154           SH:  0    Dex:  9    Spells: 3/9 levels left

rFire   . . .        a - +0 hand axe
rCold   . . .        (no shield)
rNeg    . . .        b - +0 leather armour
rPois   .            (no helmet)
rElec   .            h - +0 cloak
rCorr   .            (no gloves)
SInv    .            (no boots)
Will    .....        (no amulet)
Stlth   +            q - ring of magical power
HPRegen 0.25/turn    (no ring)
MPRegen 0.16/turn

%: no passive effects
@: very slightly contaminated, very heavily drained
A: no striking features
a: no special abilities


You were on level 2 of the Dungeon.
You visited 1 branch of the dungeon, and saw 4 of its levels.

You collected 154 gold pieces.

Inventory:

Hand Weapons
 a - a +0 hand axe (weapon)
Armour
 b - a +0 leather armour (worn)
 h - a +0 cloak (worn)
 l - a +0 scale mail
 x - a +0 chain mail
Magical Staves
 c - a staff of cold
Jewellery
 q - a ring of magical power (left hand)
Wands
 u - a wand of flame (11)
Scrolls
 e - 3 scrolls of magic mapping {unknown}
 f - a scroll of immolation {unknown}
 n - 3 scrolls of brand weapon {unknown}
 o - a scroll of blinking {unknown}
 p - 2 scrolls of teleportation {unknown}
 s - a scroll of identify {unknown}
 t - a scroll of enchant weapon {unknown}
 v - a scroll of fear {unknown}
 w - a scroll of poison {unknown}
Potions
 d - a potion of curing
 i - 2 potions of attraction {unknown}
 j - a potion of berserk rage {unknown}
 k - a potion of degeneration {unknown}
 m - a potion of ambrosia {unknown}
 r - a potion of lignification {unknown}
 z - a potion of cancellation {unknown}


   Skills:
 + Level 3.5 Fighting
 * Level 6.6 Axes
 + Level 2.3 Armour
 + Level 2.6 Dodging
 + Level 2.1 Spellcasting
 + Level 3.5 Conjurations


You had 3 spell levels left.
You knew the following spells:

 Your Spells              Type           Power      Damage    Failure   Level
a - Kiss of Death         Conj/Necr      24%        2d7       14%         1
b - Momentum Strike       Conj/Tloc      10%        3d8       22%         2
c - Hailstorm             Conj/Ice       5%         3d4       41%         3

Your spell library contained the following spells:

 Spells                   Type           Power      Damage    Failure   Level
 Magic Dart               Conj           40%        1d5       7%          1
 Call Imp                 Summ           2%         N/A       41%         2
 Lesser Beckoning         Tloc           2%         N/A       41%         2
 Mephitic Cloud           Conj/Pois/Air  4%         N/A       50%         3
 Gell's Gravitas          Tloc           1%         N/A       65%         3
 Teleport Other           Tloc           1%         N/A       65%         3
 Irradiate                Conj/Tmut      2%         3d12      99%         5
 Blade Hands              Tmut           0%         N/A       100%        5
 Dragon Form              Tmut           0%         N/A       100%        7


Dungeon Overview and Level Annotations

Branches:
Dungeon (4/15)
 Temple: D:4-7

Altars:
Uskayaw

Shops:
D:3 ::


Message History

* * * LOW HITPOINT WARNING * * *
Things that are here:
a +0 halberd; a gnoll corpse You see here a rat corpse.
There is a stone staircase leading up here.
The gnoll hits you from afar with a +0 halberd!
* * * LOW HITPOINT WARNING * * *
You climb upwards.
There is a stone staircase leading down here.
You start resting.
HP restored.
You climb downwards.
The gnoll barely misses you.
There is a stone staircase leading up, spattered with blood here.
The gnoll misses you.
You climb upwards.
There is a stone staircase leading down here.
You hit the gnoll but do no damage. The gnoll hits you with a +0 halberd!
You hit the gnoll.
The gnoll is lightly wounded.
The gnoll hits you with a +0 halberd!
* * * LOW HITPOINT WARNING * * *
You are too injured to fight recklessly!
You are too injured to fight recklessly!
Casting: Kiss of Death (safe; 14% risk of failure)
Confirm with . or Enter, or press ? or * to list all spells.
Aiming: Momentum Strike (safe; 22% risk of failure)
Press: ? - help, Dir - move target, f - gnoll
Aim: a gnoll, wielding a +0 halberd (lightly wounded, 72% to hit)
You miscast Momentum Strike.
You are very lightly contaminated with residual magic.
Nothing appears to happen.
The gnoll hits you with a +0 halberd.
* * * LOW HITPOINT WARNING * * *
Casting: Momentum Strike (safe; 22% risk of failure)
Confirm with . or Enter, or press ? or * to list all spells.
Aiming: Momentum Strike (safe; 22% risk of failure)
Press: ? - help, Dir - move target, f/p - gnoll
Aim: a gnoll, wielding a +0 halberd (lightly wounded, 72% to hit)
You miscast Momentum Strike.
Nothing appears to happen.
The gnoll hits you with a +0 halberd!
You die...

### ..# ..# ..#
..# ..# ..######
..#....###########
.......'.......g@#
..#....#########.#
######## #.# #.#
#.# #.# #.# #.#
#.#


You could see a gnoll.

Vanquished Creatures
  Sigmund (D:2)
  Crazy Yiuf (D:2)
  A hound (D:4)
  Terence (D:2)
  A gnoll (D:3)
  5 adders
  2 dart slugs
  7 ball pythons
  4 endoplasms
  3 giant cockroaches
  2 goblins
  3 hobgoblins
  4 quokkas
  4 bats
  2 frilled lizards
  5 kobolds
  3 rats
49 creatures vanquished.

Vanquished Creatures (others)
  4 fungi (D:2)
4 creatures vanquished.

Grand Total: 53 creatures vanquished

Notes
Turn   | Place    | Note
-------+----------+-------------------------------------------
     0 | D:1      | iamoutofideas the Hill Orc Reaver began the quest for the
                  | Orb.
     0 | D:1      | Reached XP level 1. HP: 18/18 MP: 3/3
   440 | D:1      | Reached XP level 2. HP: 15/25 MP: 4/4
   718 | D:1      | Learned a level 2 spell: Momentum Strike
  1058 | D:2      | You fall into a shaft and drop 2 floors!
  1087 | D:4      | Reached XP level 3. HP: 24/26 MP: 3/5
  1297 | D:4      | Reached skill level 5 in Axes
  1297 | D:4      | Reached XP level 4. HP: 7/33 MP: 4/7
  1411 | D:3      | Found Niurghoz's Book Emporium.
  1416 | D:3      | Found Iggysuso's Book Shop.
  1834 | D:2      | Learned a level 3 spell: Hailstorm
  1916 | D:2      | Found a hide-covered altar of Uskayaw.
  2057 | D:2      | Reached XP level 5. HP: 32/32 MP: 8/8
  2088 | D:2      | Noticed Sigmund
  2097 | D:2      | Killed Sigmund
  2098 | D:2      | Reached skill level 6 in Axes
  2098 | D:2      | Reached skill level 1 in Armour
  2098 | D:2      | Reached XP level 6. HP: 1/45 MP: 3/9
  2378 | D:2      | Noticed Terence
  2398 | D:2      | Killed Terence
  2769 | D:2      | Found a runed translucent door.
  2770 | D:2      | Noticed Crazy Yiuf
  2897 | D:2      | Killed Crazy Yiuf
  3345 | D:2      | Mangled by a gnoll

Illustrated notes

Levels and vault maps discovered:
D:1:      dpeg_arrival_erosion, layout_basic
D:2:      layout_basic, basic_altar, uniq_sigmund, uniq_terence,
          uniq_crazy_yiuf_cottage
D:3:      layout_loops_ring, lemuel_round_altar, serial_shops,
          nicolae_shop_crystal, nicolae_shop_getting_attention
D:4:      layout_cave_pools

Skill      XL: |  1  2  3  4  5  6 |
---------------+-------------------+-----
Fighting       | 3 |  3.5
Axes           | 5 6 |  6.6
Dodging        | 2 |  2.6
Spellcasting   | 2 |  2.1
Armour         | 1 2 |  2.3
Conjurations   | |  3.5

Action                     |  1- 3 |  4- 6 || total
---------------------------+-------+-------++-------
  Melee: Hand axe          |   107 |   106 ||   213
   Cast: Kiss of Death     |     2 |     9 ||    11
         Momentum Strike   |       |     2 ||     2
    Use: Potion            |       |     5 ||     5
 Armour: Leather armour    |    35 |    24 ||    59
  Dodge: Dodged            |    77 |    65 ||   142

Table legend: (Time is in decaauts)
 A = Elapsed time spent in this place.
 B = Non-inter-level travel time spent in this place.
 C = Inter-level travel time spent in this place.
 D = Time resting spent in this place.
 E = Time spent auto-exploring this place.
 F = Levels seen in this place.
 G = Mean time per level.
                   A        B        C        D        E       F      G
               +--------+--------+--------+--------+--------+-----+--------+
         Total |   3356 |   3208 |    148 |    845 |   1750 |   4 |  839.0 |
       Dungeon |   3356 |   3208 |    148 |    845 |   1750 |   4 |  839.0 |
               +--------+--------+--------+--------+--------+-----+--------+

Top non-repeatable levels by time:
     D:2: 1614 daAuts
     D:1: 1066 daAuts
     D:4: 350 daAuts
     D:3: 324 daAuts
